 Dungeon Crawl Stone Soup version 0.23.2-40-g277498a001 (webtiles) character file.

Game seed: 10499237305201689359

107 Descartes the Grasshopper (level 4, 0/23 HPs)
             Began as a Vine Stalker Warper on Sept 15, 2019.
             Was an Initiate of Dithmenos.
             Succumbed to an orc wizard's poison
             ... on level 2 of the Dungeon.
             The game lasted 00:02:59 (1992 turns).

Descartes the Grasshopper (Vine Stalker Warper)     Turns: 1992, Time: 00:03:00

Health: 0/23       AC:  3    Str: 14    XL:     4   Next: 86%
Magic:  7/18       EV: 12    Int: 13    God:    Dithmenos [......]
Gold:   77         SH:  0    Dex: 14    Spells: 8/8 levels left

rFire    . . .     SeeInvis .   a - +0 falchion
rCold    . . .     Gourm    .   (no shield)
rNeg     . . .     Faith    .   b - +0 leather armour
rPois    .         Spirit   +   (no helmet)
rElec    .         Reflect  .   (no cloak)
rCorr    .         Harm     .   (no gloves)
MR       .....                  (no boots)
Stlth    ++........             (no amulet)
HPRegen  0.47/turn              h - ring of magical power
MPRegen  0.16/turn              (no ring)

@: lethally poisoned (0 -> -17), slowed, very slow
A: fangs 2, regeneration 1, magic shield, antimagic bite, no potion heal 3, rot
immunity
a: Renounce Religion


You were on level 2 of the Dungeon.
You worshipped Dithmenos.
Dithmenos was noncommittal.
You were hungry.

You visited 1 branch of the dungeon, and saw 3 of its levels.

You collected 77 gold pieces.

Inventory:

Hand Weapons
 a - a +0 falchion (weapon)
Missiles
 e - 5 tomahawks of dispersal (quivered)
 j - 3 poisoned needles
 s - 11 stones
Armour
 b - a +0 leather armour (worn)
Jewellery
 h - a ring of magical power (left hand)
Scrolls
 d - 2 scrolls of blinking
 i - a scroll of magic mapping {unknown}
 k - 2 scrolls of teleportation {unknown}
 l - a scroll of identify {unknown}
 m - a scroll of noise {unknown}
 o - a scroll of remove curse {unknown}
 r - a scroll of enchant weapon {unknown}
Potions
 c - a potion of flight {unknown}
 g - a potion of haste {unknown}
 p - a potion of might {unknown}
 q - a potion of invisibility {unknown}
Comestibles
 f - 4 rations
 n - 4 chunks of flesh


   Skills:
 + Level 2.2 Fighting
 + Level 2.2 Long Blades
 - Level 0.8 Throwing
 + Level 1.3 Armour
 + Level 2.0 Dodging
 * Level 2.9 Stealth
 + Level 2.6 Spellcasting
   Level 3.0 Translocations
 + Level 0.6 Invocations


You had 8 spell levels left.
You didn't know any spells.
Your spell library contained the following spells:

 Spells                   Type           Power        Failure   Level  Hunger
 Blink                    Tloc           N/A          13%         2    ###....
 Shroud of Golubria       Chrm/Tloc      #.........   24%         2    ###....
 Gell's Gravitas          Tloc           #.........   26%         3    ###....
 Lesser Beckoning         Tloc           #.........   26%         3    ###....
 Teleport Other           Tloc           #.......     26%         3    ###....
 Passage of Golubria      Tloc           N/A          63%         4    #####..


Dungeon Overview and Level Annotations

Branches:
Dungeon (3/15)

Altars:
Dithmenos


Innate Abilities, Weirdness & Mutations

You have extremely sharp teeth.
Your natural rate of healing is unusually fast.
When hurt, damage is shared between your health and your magic reserves.
Your bite disrupts and absorbs the magic of your enemies.
Potions cannot restore your health.
You are immune to rotting.


Message History

The orc hits you with a +0 hand axe. The orc hits you with a +0 hand axe!
You are too injured to fight recklessly!
You are too injured to fight recklessly!
Unknown command.
You are too injured to fight recklessly!
Unknown command.
You are too injured to fight recklessly!
Unknown command.
* * * LOW HITPOINT WARNING * * *
You feel very sick. The orc wizard closely misses you.
You riposte.
You hit the orc wizard.
The orc wizard is heavily wounded.
The orc closely misses you.
You riposte.
You hit the orc.
The orc is heavily wounded.
The orc wizard casts a spell at you. The magic dart hits you!
* * * LOW HITPOINT WARNING * * *
The orc closely misses you.
You climb upwards.
You die...

.#.#.##.####.##.#..##....## ##...
..........................###....
.#.#.#...##..##.#..........###.#.
.....+.......##.#.###..........##
##.#.#...#......#.# ##......#####
...#.#...#...##.#.####...........
##.#.##.#........................
##.#.##.#...###o######..##.####.#
...............o@o......##.##....
.#.#.#.#....##.##....#...........
.#.#.#.#....##.......#.###....#.#
.#.#........##.#.................
...#.#.#....##.#.................
##.#.#.#...............#.#....>).
..............................#.#
...#.###.#ยงยง_..#.#...............
...#.# #.#.............#.#....#..


You could see an orc wizard and 2 orcs.

Vanquished Creatures
  An orc wizard (D:3)
  An adder (D:3)
  3 worms (D:2)
  7 dart slugs
  2 leopard geckos
  4 orcs (D:3)
  A ball python (D:1)
  7 goblins
  2 hobgoblins
  8 kobolds
  3 bats
  A frilled lizard (D:1)
  4 rats
44 creatures vanquished.

Notes
Turn   | Place    | Note
-------+----------+-------------------------------------------
     0 | D:1      | Descartes the Vine Stalker Warper began the quest for the
                  | Orb.
     0 | D:1      | Reached XP level 1. HP: 11/11 MP: 4/4
    49 | D:1      | Reached skill level 1 in Stealth
    49 | D:1      | Reached XP level 2. HP: 2/15 MP: 6/6
   488 | D:1      | Reached skill level 1 in Armour
   716 | D:1      | Reached XP level 3. HP: 11/18 MP: 7/7
  1066 | D:2      | Found a shadowy altar of Dithmenos.
  1084 | D:2      | Became a worshipper of Dithmenos the Shadowed
  1914 | D:3      | Gained mutation: Your natural rate of healing is unusually
                  | fast. [Vine Stalker growth]
  1914 | D:3      | Reached XP level 4. HP: 23/23 MP: 8/8
  1992 | D:2      | Succumbed to an orc wizard's poison

Skill      XL: |  1  2  3  4 |
---------------+-------------+-----
Stealth        | 1 2 |  2.9
Armour         | 1 |  1.3
Long Blades    | 2 |  2.2
Fighting       | 2 |  2.2
Dodging        | 2 |  2.0
Throwing       | |  0.8
Spellcasting   | |  2.6
Translocations | |  3.0
Invocations    | |  0.6

Action                   |  1- 3 |  4- 6 || total
-------------------------+-------+-------++-------
Melee: Falchion          |    94 |    23 ||   117
       Bite              |    28 |    11 ||    39
 Stab: Sleeping          |     3 |       ||     3
  Eat: Chunk             |     3 |       ||     3
Armor: Leather armour    |    15 |    10 ||    25
Dodge: Dodged            |    62 |    31 ||    93
       Rpst.: Falchion   |    14 |    10 ||    24
